 Dungeon Crawl Stone Soup version 0.26.0-10-g1f06aea511 (webtiles) character file.

Game seed: 1969189311891834789

7518 wakim the Protected (level 10, -6/97 HPs)
             Began as a Minotaur Fighter on Jan 20, 2021.
             Was a Believer of Makhleb.
             Mangled by an ice dragon (10 damage)
             ... on level 10 of the Dungeon.
             The game lasted 00:27:32 (8267 turns).

wakim the Protected (Minotaur Fighter)              Turns: 8267, Time: 00:27:32

Health: -6/97      AC: 19    Str: 25    XL:     10   Next: 95%
Magic:  12/12      EV:  6    Int:  5    God:    Makhleb [**....]
Gold:   454        SH: 10    Dex:  9    Spells: 9/9 levels left

rFire    + + .     SeeInvis .   a - +5 war axe (elec)
rCold    + . .     Faith    .   c - +0 kite shield
rNeg     . . .     Spirit   .   R - +1 plate armour
rPois    .         Reflect  .   (helmet restricted)
rElec    .         Harm     .   n - scarf {rC+ rF+}
rCorr    .         Rampage  .   r - +0 pair of gloves
Will     .....                  N - +0 pair of boots
Stlth    ..........             Q - amulet of regeneration
HPRegen  0.66/turn              u - ring of protection from fire
MPRegen  0.13/turn              (no ring)

@: no status effects
A: retaliatory headbutt, horns 2
a: Renounce Religion, Minor Destruction


You were on level 10 of the Dungeon.
You worshipped Makhleb.
Makhleb was pleased with you.
You visited 2 branches of the dungeon, and saw 11 of its levels.

You collected 454 gold pieces.

Inventory:

Hand Weapons
 a - a +5 war axe of electrocution (weapon)
 b - a +0 vorpal hunting sling
 K - a +0 broad axe
Missiles
 H - 80 sling bullets
Armour
 c - a +0 kite shield (worn)
 n - a scarf of resistance (worn)
 r - a +0 pair of gloves (worn)
 v - a +1 buckler of reflection
 G - a +0 cloak
 N - a +0 pair of boots (worn)
 P - a +2 leather armour of poison resistance
 R - a +1 plate armour (worn)
Jewellery
 u - a ring of protection from fire (left hand)
 Q - an amulet of regeneration (around neck)
Wands
 e - a wand of iceblast (11)
 o - a wand of digging (6)
 I - a wand of acid (12)
 O - a wand of paralysis (1)
Scrolls
 f - a scroll of immolation
 h - 10 scrolls of remove curse
 i - 3 scrolls of teleportation
 j - a scroll of fog {unknown}
 l - a scroll of enchant weapon
 m - 4 scrolls of blinking
 p - 2 scrolls of identify
 C - a scroll of amnesia
Potions
 d - 2 potions of might
 g - 3 potions of curing
 q - 2 potions of degeneration {unknown}
 s - a potion of berserk rage {unknown}
 t - 3 potions of cancellation {unknown}
 w - 3 potions of heal wounds {unknown}
 x - 2 potions of mutation {unknown}
 z - 2 potions of resistance {unknown}
 A - 3 potions of magic {unknown}
 E - 2 potions of flight {unknown}
 J - 2 potions of brilliance {unknown}


   Skills:
 * Level 11.7 Fighting
 * Level 10.1 Axes
 * Level 11.8 Armour
 - Level 6.0 Shields
 + Level 4.5 Invocations


You had 9 spell levels left.
You didn't know any spells.
Your spell library contained the following spells:

 Spells                   Type           Power        Failure   Level
 Magic Dart               Conj           0%           100%        1
 Blink                    Tloc           N/A          100%        2
 Call Imp                 Summ           0%           100%        2
 Poisonous Vapours        Pois/Air       0%           100%        2
 Slow                     Hex            0%           100%        2
 Conjure Flame            Conj/Fire      0%           100%        3
 Mephitic Cloud           Conj/Pois/Air  0%           100%        3
 Freezing Cloud           Conj/Ice/Air   0%           100%        6


Dungeon Overview and Level Annotations

Branches:
Dungeon (10/15)            Temple (1/1) D:7            Lair (0/6) D:10
    Orc: D:9-12

Altars:
Ashenzari
Cheibriados
Dithmenos
Elyvilon
Fedhas
Gozag
Makhleb
Nemelex Xobeh
Okawaru
Sif Muna
Zin
The Shining One

Shops:
D:8 (

Annotations:
D:6 3 runed translucent doors, alja1234's ghost, novice DrIE
D:8 2 runed translucent doors, exclusion: orange crystal statue


Innate Abilities, Weirdness & Mutations

You reflexively headbutt those who attack you in melee.
You have a pair of horns on your head.


Message History

The ice dragon bites you but does no damage.
The ice dragon claws you but does no damage.
You block the ice dragon's attack.
You slash the ice dragon!
The ice dragon is moderately wounded.
The ice dragon breathes frost at you. The blast of cold hits you! You resist.
* * * LOW HITPOINT WARNING * * *
You feel better. You block the ice dragon's attack. x2
The ice dragon tramples you but does no damage.
You hit the ice dragon. You headbutt the ice dragon.
The ice dragon is moderately wounded.
The ice dragon bites you but does no damage.
You block the ice dragon's attack. The ice dragon tramples you!
* * * LOW HITPOINT WARNING * * *
You stumble backwards!
The ice dragon bites you.
* * * LOW HITPOINT WARNING * * *
The ice dragon claws you but does no damage.
The ice dragon tramples you!
You die...

#..# ###...
##..##
####.....
##....##
###........
#......#
#.......###
##......#
#....####
#.......##
#.####
#........#
###
#≈≈......#
#≈≈≈≈...@.# #
#≈≈≈≈≈≈.D†#
##
#≈≈.≈≈≈≈†≈#
#.
##...≈≈≈≈≈≈≈
#.
#...≈≈≈≈≈≈≈#
#.
#..$$≈≈≈≈≈≈≈#
#)
#.!$$≈≈≈≈≈≈≈#
#.
#!$$≈≈≈≈≈≈≈≈#
##
##$$≈≈≈≈≈≈≈##


You could see an ice dragon (catching breath).

Vanquished Creatures
  3 two-headed ogres
  An unseen horror (D:10)
  Joseph (D:9)
  Maurice (D:8)
  Maggie (D:8)
  Psyche (D:9)
  An acid dragon (D:7)
  A water moccasin (D:5)
  3 sky beasts
  An orc warrior (D:9)
  An eye of draining (D:9)
  2 ice beasts
  A phantom (D:7)
  4 ogres
  2 centaurs
  7 bullfrogs
  A gnoll sergeant (D:6)
  A water moccasin zombie (D:7)
  2 scorpions
  6 killer bees (D:8)
  2 electric eels (D:10)
  5 wights (D:7)
  A howler monkey (D:9)
  4 centaur skeletons
  3 hounds
  2 jellies
  4 orc wizards
  4 orc priests
  Jessica (D:3)
  4 bullfrog skeletons
  An iguana (D:9)
  7 worker ants
  A hound zombie (D:6)
  3 hound skeletons
  6 gnolls
  A howler monkey skeleton (D:5)
  8 adders
  2 shadow imps
  4 white imps
  6 oozes
  An ufetubus (D:5)
  An adder zombie (D:5)
  An adder skeleton (D:10)
  2 worms (D:2)
  3 dart slugs
  4 leopard geckos
  21 orcs
  4 ball pythons
  2 giant cockroaches
  5 hobgoblins
  5 jackals
  5 quokkas
  12 bats
  7 frilled lizards
  9 goblins
  A jackal skeleton (D:4)
  6 kobolds
  A leopard gecko skeleton (D:4)
  9 rats
209 creatures vanquished.

Vanquished Creatures (others)
  8 fungi (D:4)
8 creatures vanquished.

Grand Total: 217 creatures vanquished

Notes
Turn   | Place    | Note
-------+----------+-------------------------------------------
     0 | D:1      | wakim the Minotaur Fighter began the quest for the Orb.
     0 | D:1      | Reached XP level 1. HP: 19/19 MP: 0/0
    84 | D:1      | Reached XP level 2. HP: 20/27 MP: 1/1
   743 | D:2      | Reached XP level 3. HP: 30/33 MP: 2/2
   820 | D:2      | Reached XP level 4. HP: 41/41 MP: 3/3
   894 | D:2      | Found a glowing silver altar of Zin.
  1521 | D:3      | Noticed Jessica
  1522 | D:3      | Killed Jessica
  1523 | D:3      | Reached skill level 5 in Fighting
  1523 | D:3      | Reached skill level 5 in Armour
  1523 | D:3      | Reached XP level 5. HP: 48/48 MP: 4/4
  1603 | D:3      | Noticed a centaur
  1610 | D:3      | Killed a centaur
  1788 | D:3      | Reached XP level 6. HP: 47/56 MP: 5/5
  2546 | D:4      | You fall into a shaft and drop 2 floors!
  2550 | D:6      | Found a runed translucent gate.
  2550 | D:6      | Found a runed translucent gate.
  2551 | D:6      | Found a runed translucent gate.
  2553 | D:6      | Noticed alja1234's ghost (novice DrIE)
  2591 | D:5      | Entered Level 5 of the Dungeon
  3069 | D:5      | Noticed a sky beast
  3085 | D:5      | Killed a sky beast
  3086 | D:5      | Reached skill level 5 in Shields
  3086 | D:5      | Reached XP level 7. HP: 33/64 MP: 6/6
  3687 | D:5      | Found a broken altar of Ashenzari.
  3897 | D:5      | Found a shimmering blue altar of Sif Muna.
  4094 | D:6      | Reached skill level 5 in Axes
  4559 | D:6      | Found an opulent altar of Gozag.
  4600 | D:6      | Found a glowing golden altar of the Shining One.
  4800 | D:7      | Reached XP level 8. HP: 73/73 MP: 7/7
  5373 | D:7      | Found a blossoming altar of Fedhas.
  5714 | D:7      | Found a staircase to the Ecumenical Temple.
  5720 | Temple   | Entered the Ecumenical Temple
  5730 | Temple   | Became a worshipper of Makhleb the Destroyer
  5839 | D:8      | Found Diristub's Weapon Shop.
  5905 | D:8      | Noticed a seven-headed hydra
  6033 | D:8      | Reached XP level 9. HP: 83/83 MP: 8/8
  6053 | D:8      | Reached skill level 1 in Invocations
  6561 | D:8      | Noticed a two-headed ogre
  6562 | D:8      | Noticed Maurice
  6568 | D:8      | Killed a two-headed ogre
  6569 | D:8      | Reached skill level 10 in Fighting
  6569 | D:8      | Reached skill level 10 in Armour
  6576 | D:8      | Killed Maurice
  6603 | D:8      | Noticed an orange crystal statue
  6607 | D:8      | Found a runed translucent door.
  6774 | D:8      | Found the +10 tower shield of Ignorance {rN+ Int-4}
  6784 | D:8      | Found a runed translucent door.
  6799 | D:8      | Noticed Maggie
  6813 | D:8      | Killed Maggie
  7097 | D:9      | Reached XP level 10. HP: 88/94 MP: 0/11
  7135 | D:9      | Reached * piety under Makhleb
  7248 | D:9      | Found an iron altar of Okawaru.
  7299 | D:9      | Noticed Psyche
  7315 | D:9      | Killed Psyche
  7334 | D:9      | Noticed Joseph
  7341 | D:9      | Paralysed by Joseph for 7 turns
  7352 | D:9      | Paralysed by Joseph for 3 turns
  7359 | D:9      | Killed Joseph
  7527 | D:9      | Noticed a two-headed ogre
  7534 | D:9      | Killed a two-headed ogre
  7740 | D:10     | Entered Level 10 of the Dungeon
  7783 | D:10     | Noticed a two-headed ogre
  7795 | D:10     | Killed a two-headed ogre
  7893 | D:10     | Found a staircase to the Lair.
  8134 | D:10     | Killed an unseen horror
  8134 | D:10     | Reached ** piety under Makhleb
  8135 | D:10     | Reached skill level 10 in Axes
  8255 | D:10     | Noticed an ice dragon
  8267 | D:10     | HP: 4/97 [ice dragon (1)]
  8267 | D:10     | Mangled by an ice dragon

Illustrated notes

Levels and vault maps discovered:
D:1:      lightli_arrival_noodles, layout_basic, minmay_ruptured
D:2:      layout_basic, zin_treasury
D:3:      layout_rooms, serial_co_window_serial, co_window_paths_a,
          co_window_paths_a, co_window_cross_1, co_window_corner_a,
          co_window_paths_a, co_window_of_opportunity_c, co_window_corner_ca,
          co_window_paths_c, co_window_paths_d, co_window_4corner_b,
          glass_columns_a, glass_columns_a, glass_columns_c, glass_columns_b,
          glass_columns_c, uniq_jessica
D:4:      layout_rooms, serial_aquarium, aquarium_bridge_square
          [aquarium_subvault_bridge, aquarium_subvault_wall,
          aquarium_subvault_wall, aquarium_subvault_bridge],
          aquarium_bridge_square [aquarium_subvault_bridge,
          aquarium_subvault_wall, aquarium_subvault_bridge,
          aquarium_subvault_wall], aquarium_window_fake, aquarium_window_corner,
          aquarium_view_2b, aquarium_balcony_1a, minmay_small_thing
D:5:      layout_rooms, ashenzari_altar_1, basic_altar, minmay_misc_feat_doors,
          hangedman_abyss_or_decor_jellyfish_corner
D:6:      layout_basic, tso_altar, ebering_ghost_rock_garden,
          grunt_gozag_statues
D:7:      layout_basic, minmay_temple_entry_nine_rooms, basic_altar,
          minmay_three_doors
D:8:      kennysheep_orc_sif_temple, layout_basic, serial_shops, shop,
          chequers_guarded_unrand_ignorance, uniq_maurice, uniq_maggie
D:9:      layout_roguey, okawaru_gym_becter, uniq_psyche, uniq_joseph
D:10:     dragon1_lemuel, layout_cave_pods, lair_entry_dummy,
          kennysheep_crisscross
Temple:   regret_index_temple_mists

Skill      XL: |  1  2  3  4  5  6  7  8  9 10 |
---------------+-------------------------------+-----
Armour         | 4 5 6 7 9 10 11 | 11.8
Fighting       | 4 5 6 7 9 10 11 | 11.7
Shields        | 4 5 6 |  6.0
Axes           | 3 4 5 6 8 10 | 10.1
Invocations    | 2 4 |  4.5

Action                   |  1- 3 |  4- 6 |  7- 9 | 10-12 || total
-------------------------+-------+-------+-------+-------++-------
Melee: War axe           |    78 |   150 |   252 |   113 ||   593
       Headbutt          |    10 |    22 |    43 |    20 ||    95
       Unarmed           |       |       |       |     8 ||     8
Invok: Minor Destruction |       |       |       |     1 ||     1
  Use: Potion            |       |       |     2 |     1 ||     3
       Scroll            |       |       |       |    15 ||    15
Armor: Scale mail        |    55 |    54 |    22 |       ||   131
       Chain mail        |       |       |    39 |       ||    39
       Plate armour      |       |       |    78 |    78 ||   156
       Skin              |       |       |       |     3 ||     3
Dodge: Dodged            |    25 |    46 |    49 |    17 ||   137
Block: Kite shield       |    44 |    80 |   149 |    53 ||   326
